 Dungeon Crawl Stone Soup version 0.23.2-33-g5129a83184 (webtiles) character file.

Game seed: 576468989162065755

3487 DorianNounverber the Geomancer (level 10, -3/58 HPs)
             Began as a Gargoyle Earth Elementalist on July 14, 2019.
             Was a Follower of Vehumet.
             Slain by a two-headed ogre
             ... wielding a +0 giant club
              (27 damage)
             ... on level 9 of the Dungeon on July 15, 2019.
             The game lasted 00:31:23 (9114 turns).

DorianNounverber the Geomancer (GrEE)               Turns: 9114, Time: 00:31:24

Health: -3/58      AC: 13    Str: 19    XL:     10   Next: 7%
Magic:  10/19      EV: 14    Int: 18    God:    Vehumet [*.....]
Gold:   473        SH:  0    Dex: 13    Spells: 8/21 levels left

rFire    . . .     SeeInvis +   K - +4 hand axe "Setayg" {venom, Str+6}
rCold    . . .     Gourm    .   (no shield)
rNeg     + . .     Faith    .   c - +0 robe
rPois    ∞         Spirit   .   (no helmet)
rElec    +         Reflect  .   m - +2 cloak
rCorr    .         Harm     .   w - +0 pair of gloves
MR       .....                  (no boots)
Stlth    ++........             (no amulet)
HPRegen  0.19/turn              p - +3 ring of dexterity
MPRegen  0.16/turn              t - ring of see invisible

@: slowed, very slow
A: negative energy resistance 1, electricity resistance, unbreathing,
petrification resistance, rot immunity, AC +7
a: Renounce Religion


You were on level 9 of the Dungeon.
You worshipped Vehumet.
Vehumet was aware of your devotion.
You were not hungry.

You visited 2 branches of the dungeon, and saw 10 of its levels.

You collected 473 gold pieces.

Inventory:

Hand Weapons
 j - a +1 club
 C - a +0 flail
 H - a +3 dire flail
 K - the +4 hand axe "Setayg" (weapon) {venom, Str+6}
   (You found it on level 9 of the Dungeon)

   It poisons the flesh of those it strikes.
   It affects your strength (+6).
Missiles
 b - 54 stones (quivered)
 s - 5 javelins
 y - 13 tomahawks
Armour
 c - a +0 robe (worn)
 f - a +1 buckler
 m - a +2 cloak (worn)
 w - a +0 pair of gloves (worn)
Magical Staves
 J - an uncursed staff of air
Jewellery
 p - a +3 ring of dexterity (left hand)
 t - a ring of see invisible (right hand)
 u - an uncursed ring of protection from fire
 G - an uncursed ring of protection from fire
Wands
 l - a wand of flame (9)
 q - a wand of digging (8)
Scrolls
 a - 5 scrolls of identify
 h - 3 scrolls of immolation
 o - 2 scrolls of vulnerability {unknown}
 v - 4 scrolls of teleportation
 x - a scroll of enchant armour
 D - 3 scrolls of amnesia
Potions
 e - a potion of might {unknown}
 g - 2 potions of haste
 i - 2 potions of degeneration {unknown}
 k - a potion of flight {unknown}
 n - 2 potions of heal wounds
 r - a potion of ambrosia
 z - 2 potions of lignification {unknown}
 A - a potion of brilliance {unknown}
 B - 4 potions of curing
 E - a potion of resistance {unknown}
 F - a potion of berserk rage {unknown}
 I - a potion of agility {unknown}
Comestibles
 d - 8 rations


   Skills:
 + Level 4.7 Fighting
 + Level 4.2 Maces & Flails
 + Level 4.1 Dodging
 - Level 2.1 Stealth
 - Level 4.0 Shields
 * Level 6.3 Spellcasting
 + Level 4.1 Conjurations
 - Level 0.7 Transmutations
 * Level 8.7 Earth Magic
 + Level 3.4 Evocations


You had 8 spell levels left.
You knew the following spells:

 Your Spells              Type           Power        Failure   Level  Hunger
a - Sandblast             Erth           #####.       1%          1    None
b - Stone Arrow           Conj/Erth      ####..       2%          3    ##.....
c - Petrify               Tmut/Erth      ###.....     17%         4    ####...
d - Lee's Rapid Deconstr  Erth           #####.....   9%          5    #####..

Your spell library contained the following spells:

 Spells                   Type           Power        Failure   Level  Hunger
 Flame Tongue             Conj/Fire      ##...        4%          1    None
 Passwall                 Tmut/Erth      ###.....     2%          2    None
 Apportation              Tloc           #.....       12%         1    None
 Confusing Touch          Hex            #.....       12%         1    None
 Summon Butterflies       Summ           #.......     12%         1    None
 Confuse                  Hex            #.......     34%         3    ##.....
 Gell's Gravitas          Tloc           #.........   34%         3    ##.....
 Lesser Beckoning         Tloc           #.........   34%         3    ##.....
 Tukima's Dance           Hex            #.......     34%         3    ##.....
 Alistair's Intoxication  Tmut/Pois      #.......     95%         5    #####..
 Yara's Violent Unravell  Hex/Tmut       #.........   95%         5    #####..
 Metabolic Englaciation   Hex/Ice        #.........   97%         5    #####..
 Invisibility             Hex            #.......     100%        6    #######


Dungeon Overview and Level Annotations

Branches:
Dungeon (10/15)            Temple (1/1) D:6
   Lair: D:8-11         Orc: D:9-12

Altars:
Ashenzari
Cheibriados
Dithmenos
Elyvilon
Fedhas
Gozag
Hepliaklqana
Kikubaaqudgha
Makhleb
Nemelex Xobeh
Okawaru
Qazlal
Ru
Sif Muna
Trog
Uskayaw
Vehumet
Wu Jian
Xom
Yredelemnul
Zin
The Shining One


Innate Abilities, Weirdness & Mutations

You are resistant to torment.
Your stone body is resilient. (AC +7)
You are immune to poison.
You resist negative energy. (rN+)
You are resistant to electric shocks. (rElec)
You can survive without breathing.
You are immune to petrification.
You are immune to rotting.


Message History

Confirm with . or Enter, or press ? or * to list all spells.
Aiming: Stone Arrow (safe; 2% risk of failure)
Press: ? - help, Shift-Dir - straight line, f/p - two-headed ogre
Aim: a two-headed ogre, wielding a +0 giant club and a +0 dire flail (moderately wounded)
The stone arrow hits the two-headed ogre!
The two-headed ogre is heavily wounded.
The wraith barely misses you.
The two-headed ogre hits you with a +0 giant club.
The two-headed ogre closely misses you. The wraith hits you.
The wraith drains your vigour!
You feel as though you will be slow longer.
Casting: Stone Arrow (safe; 2% risk of failure)
Confirm with . or Enter, or press ? or * to list all spells.
Aiming: Stone Arrow (safe; 2% risk of failure)
Press: ? - help, Shift-Dir - straight line, f/p - two-headed ogre
Aim: a two-headed ogre, wielding a +0 giant club and a +0 dire flail (heavily wounded)
The stone arrow hits the two-headed ogre!
The two-headed ogre is severely wounded.
The two-headed ogre hits you with a +0 giant club!!
You die...

..# ..# .(#
##########..#############
.........................
.........................
.........................
.......OW........).......
........@................
.........................
.........................
.........................
.........................
.........................
$............(...........
........................
.......................


You could see a two-headed ogre and a wraith.

Vanquished Creatures
  A two-headed ogre (D:9)
  Prince Ribbit (D:7)
  Eustachio (D:6)
  An orc warrior (D:7)
  3 ice beasts
  2 sky beasts
  3 ogres
  A phantom (D:5)
  A centaur (D:5)
  4 bullfrogs
  A water moccasin zombie (D:7)
  5 wights (D:7)
  4 howler monkeys
  2 crimson imps (D:6)
  A quasit (D:7)
  2 hounds
  3 orc priests
  A jelly (D:6)
  An iguana (D:7)
  4 worker ants
  Natasha (thrice) (D:3)
  5 orc wizards
  A killer bee zombie (D:7)
  2 worker ant zombies (D:5)
  8 adders
  A shadow imp (D:5)
  3 oozes
  An adder skeleton (D:6)
  2 dart slugs
  6 worms
  6 leopard geckos
  22 orcs
  2 ball pythons
  10 bats
  8 giant cockroaches
  4 goblins
  5 hobgoblins
  5 quokkas
  5 frilled lizards
  A jackal skeleton (D:5)
  4 kobolds
  A leopard gecko skeleton (D:7)
  A quokka skeleton (D:4)
  A quokka zombie (D:5)
  6 rats
155 creatures vanquished.

Notes
Turn   | Place    | Note
-------+----------+-------------------------------------------
     0 | D:1      | DorianNounverber the Gargoyle Earth Elementalist began the
                  | quest for the Orb.
     0 | D:1      | Reached XP level 1. HP: 10/10 MP: 3/3
   237 | D:1      | Reached XP level 2. HP: 9/16 MP: 5/5
   716 | D:1      | Reached skill level 4 in Earth Magic
   999 | D:2      | Reached XP level 3. HP: 20/20 MP: 3/6
  1118 | D:2      | Reached skill level 1 in Fighting
  1241 | D:2      | Reached XP level 4. HP: 25/25 MP: 0/7
  1247 | D:2      | Learned a level 3 spell: Stone Arrow
  1252 | D:2      | Learned a level 4 spell: Petrify
  1457 | D:2      | Reached skill level 1 in Shields
  2075 | D:3      | Found a faded altar of an unknown god.
  2125 | D:3      | Reached skill level 1 in Maces & Flails
  2151 | D:3      | Noticed Natasha
  2155 | D:3      | Killed Natasha
  2155 | D:3      | Reached XP level 5. HP: 16/29 MP: 5/9
  2651 | D:3      | Noticed Natasha
  2657 | D:3      | Killed Natasha
  2755 | D:3      | Noticed Natasha
  2759 | D:3      | Killed Natasha
  2759 | D:3      | Reached skill level 5 in Earth Magic
  2909 | D:4      | Found a basalt altar of Yredelemnul.
  2926 | D:4      | Reached XP level 6. HP: 35/35 MP: 5/11
  4027 | D:5      | Entered Level 5 of the Dungeon
  4149 | D:4      | Reached skill level 1 in Conjurations
  4149 | D:4      | Reached XP level 7. HP: 12/40 MP: 8/12
  4815 | D:5      | Reached skill level 1 in Evocations
  5041 | D:5      | Learned a level 5 spell: Lee's Rapid Deconstruction
  5063 | D:5      | Reached skill level 6 in Earth Magic
  6138 | D:5      | Reached XP level 8. HP: 45/45 MP: 2/14
  6373 | D:6      | Found a bloodstained altar of Trog.
  6699 | D:6      | Found a glowing drain.
  6995 | D:6      | Noticed Eustachio
  7001 | D:6      | Killed Eustachio
  7001 | D:6      | Reached skill level 7 in Earth Magic
  7082 | D:6      | Found a staircase to the Ecumenical Temple.
  7120 | Temple   | Entered the Ecumenical Temple
  7168 | Temple   | Became a worshipper of Vehumet
  7474 | D:7      | Reached skill level 5 in Spellcasting
  7590 | D:7      | Reached XP level 9. HP: 51/51 MP: 9/16
  7902 | D:7      | Noticed Prince Ribbit
  7911 | D:7      | Killed Prince Ribbit
  8331 | D:7      | Reached * piety under Vehumet
  8331 | D:7      | Offered knowledge of Flame Tongue by Vehumet.
  8384 | D:7      | Reached skill level 8 in Earth Magic
  8745 | D:7      | You fall through a shaft for 3 floors!
  8745 | D:10     | Entered Level 10 of the Dungeon
  8771 | D:9      | Noticed a two-headed ogre
  8783 | D:9      | Killed a two-headed ogre
  8844 | D:9      | Reached XP level 10. HP: 36/58 MP: 9/19
  9078 | D:9      | Got a jewelled hand axe
  9094 | D:9      | Identified the +4 hand axe "Setayg" {venom, Str+6} (You
                  | found it on level 9 of the Dungeon)
  9106 | D:9      | Noticed a two-headed ogre
  9114 | D:9      | Slain by a two-headed ogre

Skill      XL: |  1  2  3  4  5  6  7  8  9 |
---------------+----------------------------+-----
Earth Magic    | 4 5 6 7 8 |  8.7
Fighting       | 1 2 3 4 |  4.7
Dodging        | 2 3 4 |  4.1
Shields        | 1 2 3 4 |  4.0
Maces & Flails | 1 2 3 4 |  4.2
Spellcasting   | 3 4 5 6 |  6.3
Conjurations   | 1 3 4 |  4.1
Evocations     | 1 2 3 |  3.4
Stealth        | |  2.1
Transmutations | |  0.7

Action                   |  1- 3 |  4- 6 |  7- 9 | 10-12 || total
-------------------------+-------+-------+-------+-------++-------
Melee: Unarmed           |    21 |       |       |       ||    21
       Short sword       |    28 |       |       |       ||    28
       Club              |    47 |       |       |       ||    47
       Whip              |       |   226 |       |       ||   226
       Flail             |       |       |    86 |       ||    86
       Dire flail        |       |       |       |     9 ||     9
       Hand axe          |       |       |       |     2 ||     2
 Cast: Sandblast         |    16 |    80 |   122 |     3 ||   221
       Stone Arrow       |       |     1 |    55 |     6 ||    62
       Lee's Rapid Decon |       |       |     1 |       ||     1
  Use: Scroll            |       |     5 |     7 |       ||    12
       Potion            |       |     1 |       |       ||     1
 Stab: Sleeping          |     5 |     3 |       |       ||     8
  Eat: Chunk             |     1 |     3 |     8 |       ||    12
       Ration            |       |     2 |     4 |       ||     6
Armor: Robe              |    39 |   126 |    65 |     5 ||   235
Dodge: Dodged            |    88 |   168 |   121 |    12 ||   389
Block: Buckler           |    11 |    55 |    48 |       ||   114
